 Dungeon Crawl Stone Soup version 0.30-a0-140-gd1020e658a (webtiles) character file.

Game seed: 7462688359639827280

181 Lolow the Firebug (level 5, -8/38 HPs)
             Began as a Hill Orc Fire Elementalist on Sept 24, 2022.
             Was a Follower of Sif Muna.
             Mangled by an iguana (12 damage)
             ... on level 4 of the Dungeon.
             The game lasted 00:32:25 (3796 turns).

Lolow the Firebug (Hill Orc Fire Elementalist)      Turns: 3796, Time: 00:32:25

Health: -8/38      AC:  5    Str: 11    XL:     5   Next: 61%
Magic:  7/8        EV: 11    Int: 17    God:    Sif Muna [*.....]
Gold:   203        SH:  0    Dex: 11    Spells: 2/8 levels left

rFire   + . .      SeeInvis .    A - +0 hand axe
rCold   . . .      Faith    .    (no shield)
rNeg    . . .      Spirit   .    g - +0 leather armour
rPois   .          Reflect  .    (no helmet)
rElec   .          Harm     .    p - +1 cloak
rCorr   .          Rampage  .    (no gloves)
Will    .....                    (no boots)
Stlth   +.........               (no amulet)
HPRegen 0.12/turn                c - ring of protection from fire
MPRegen 0.11/turn                (no ring)

@: about to teleport
A: no striking features
a: Renounce Religion, Channel Magic


You were on level 4 of the Dungeon.
You worshipped Sif Muna.
Sif Muna was aware of your devotion.
You visited 2 branches of the dungeon, and saw 7 of its levels.

You collected 203 gold pieces.

Inventory:

Hand Weapons
 a - a +1 mace
 b - a +0 sling
 e - a +0 club
 h - a +0 dagger
 A - a +0 hand axe (weapon)
Missiles
 o - 2 javelins
 q - 43 stones
 u - 3 poisoned darts
Armour
 g - a +0 leather armour (worn)
 l - a +0 robe
 p - a +1 cloak (worn)
 w - a +0 barding
Jewellery
 c - a ring of protection from fire (left hand)
 j - a ring of flight
Wands
 d - a wand of flame (4)
 y - a wand of light (9)
Scrolls
 f - a scroll of magic mapping
 i - 2 scrolls of teleportation
 n - a scroll of vulnerability {unknown}
 v - a scroll of noise {unknown}
 B - a scroll of amnesia {unknown}
 C - a scroll of identify
Potions
 k - a potion of might
 m - a potion of ambrosia
 r - a potion of curing
 s - a potion of flight {unknown}
 t - a potion of invisibility {unknown}
 x - a potion of magic
 z - a potion of heal wounds


   Skills:
 + Level 0.2 Fighting
 + Level 1.7 Maces & Flails
 + Level 0.4 Ranged Weapons
 + Level 0.4 Throwing
 + Level 1.3 Armour
 + Level 1.8 Dodging
 + Level 1.7 Stealth
 + Level 2.4 Spellcasting
 + Level 1.0 Conjurations
 + Level 4.9 Fire Magic


You had 2 spell levels left.
You knew the following spells:

 Your Spells              Type           Power      Damage    Failure   Level
a - Foxfire               Conj/Fire      48%        2x1d6     7%          1
b - Scorch                Fire           36%        2d6       4%          2
c - Kindle Blastsparks    Fire/Tloc/Air  14%        2d11      36%         3

Your spell library contained the following spells:

 Spells                   Type           Power      Damage    Failure   Level
 Inner Flame              Hex/Fire       10%        N/A       26%         3
 Flame Wave               Conj/Fire      12%        2d6       56%         4
 Frozen Ramparts          Ice            4%         1d1       58%         3
 Fulminant Prism          Conj/Hex       1%         3d6       89%         4
 Iskenderun's Mystic Bla  Conj/Tloc      3%         2d3       89%         4
 Ice Form                 Ice/Tmut       2%         N/A       94%         4
 Summon Ice Beast         Ice/Summ       2%         N/A       94%         4
 Lee's Rapid Deconstruct  Erth           1%         3d5*      100%        5


Dungeon Overview and Level Annotations

Branches:
Dungeon (6/15)             Temple (1/1) D:6

Altars:
Ashenzari
Gozag
Hepliaklqana
Qazlal
Sif Muna
Trog
Wu Jian
Xom
Zin
The Shining One

Annotations:
D:3 3 runed translucent doors, kagamino's ghost, amateur HOFi


Message History

You kill the giant cockroach!
Sif Muna accepts your kill. The endoplasm closely misses you.
You hit the endoplasm.
You kill the endoplasm!
Sif Muna accepts your kill.
A ball python is nearby!
The ball python hisses angrily.
Casting: Foxfire (safe; 7% risk of failure)
Press: ? - help, Q - select action, (/) - cycle Dir - look around, f - activate You conjure some foxfire!
The foxfire hits the ball python.
The ball python is severely wounded.
The foxfire hits the ball python.
You kill the ball python!
Sif Muna accepts your kill.
You now have 195 gold pieces (gained 10).
q - 43 stones (gained 6)
You now have 203 gold pieces (gained 8).
You open the door.
There is an open door here.
B - a scroll labelled XEMEOWNALO
C - a scroll of identify An iguana comes into view.
Casting: Foxfire (safe; 7% risk of failure)
Press: ? - help, Q - select action, (/) - cycle Dir - look around, f - activate You conjure some foxfire!
An iguana is nearby!
Unknown command.
An iguana is nearby!
An iguana is nearby!
The iguana attacks as you move away! The iguana bites you!
The foxfire hits the iguana but does no damage. x2
You hit the iguana but do no damage. The iguana bites you.
You barely miss the iguana. The iguana bites you! The iguana bites you.
You closely miss the iguana. The iguana bites you!
* * * LOW HITPOINT WARNING * * *
As you read the scroll of teleportation, it crumbles to dust.
You feel strangely unstable. The iguana bites you!
You die...

#...#.............'..
#...#.............#..
#...######........#..
#........#........#..
#........#........#..
#........#........#..
#........#........#..
#........#........#..
#...@....#........#
#...l....+........#
#........#........#
#........#........#
#........#........#
#........#........#
#........#........#
#........# #........#


You could see an iguana.

Vanquished Creatures
  A scorpion (D:3)
  3 adders
  A white imp (D:5)
  11 dart slugs
  9 endoplasms
  3 giant cockroaches
  5 hobgoblins
  4 kobolds
  3 quokkas
  7 ball pythons
  7 bats
  5 frilled lizards
  2 goblins
  10 rats
71 creatures vanquished.

Vanquished Creatures (others)
  51 foxfires
51 creatures vanquished.

Grand Total: 122 creatures vanquished

Notes
Turn   | Place    | Note
-------+----------+-------------------------------------------
     0 | D:1      | Lolow the Hill Orc Fire Elementalist began the quest for
                  | the Orb.
     0 | D:1      | Reached XP level 1. HP: 14/14 MP: 3/3
   509 | D:1      | Reached XP level 2. HP: 13/20 MP: 2/4
   622 | D:1      | Learned a level 2 spell: Scorch
  1157 | D:2      | Reached skill level 4 in Fire Magic
  1275 | D:2      | Reached XP level 3. HP: 26/26 MP: 3/5
  1352 | D:2      | Found a shimmering blue altar of Sif Muna.
  1359 | D:2      | Became a worshipper of Sif Muna the Loreminder
  1660 | D:2      | Found a faded altar of an unknown god.
  2434 | D:3      | Found a runed translucent gate.
  2434 | D:3      | Found a runed translucent gate.
  2435 | D:3      | Found a runed translucent gate.
  2461 | D:3      | Reached XP level 4. HP: 32/33 MP: 0/7
  2536 | D:3      | Noticed kagamino's ghost (amateur HOFi)
  2562 | D:3      | Reached skill level 1 in Armour
  2663 | D:3      | Reached * piety under Sif Muna
  2675 | D:3      | Reached skill level 1 in Maces & Flails
  2952 | D:3      | Noticed a scorpion
  2964 | D:3      | Killed a scorpion
  2965 | D:3      | Reached XP level 5. HP: 26/38 MP: 4/8
  2969 | D:3      | Learned a level 3 spell: Kindle Blastsparks
  3227 | D:3      | You fall into a shaft and drop 3 floors!
  3242 | D:6      | Noticed a centaur
  3256 | D:6      | Found a staircase to the Ecumenical Temple.
  3266 | Temple   | Entered the Ecumenical Temple
  3392 | D:6      | Noticed an ogre
  3400 | D:5      | Entered Level 5 of the Dungeon
  3625 | D:5      | Noticed a phantom
  3796 | D:4      | Mangled by an iguana

Illustrated notes

Levels and vault maps discovered:
D:1:      sevenhm_arrival_forest_fort_small_3, layout_basic
D:2:      layout_basic, chequers_ecumenical_altar_simple, basic_altar
D:3:      kennysheep_slugbush, layout_rooms, gammafunk_ghost_necromancy
D:4:      layout_gridville, nicolae_ru_awakened_eye, nicolae_vehumet_altar_sigil
D:5:      layout_basic, mainiacjoe_overflow_paths
D:6:      layout_basic, minmay_temple_entry_crystal_x, uniq_crazy_yiuf_cottage,
          uniq_maggie
Temple:   hellmonk_temple_beads

Skill      XL: |  1  2  3  4 |
---------------+-------------+-----
Fire Magic     | 4 |  4.9
Spellcasting   | 2 |  2.4
Armour         | 1 |  1.3
Maces & Flails | 1 |  1.7
Fighting       | |  0.2
Ranged Weapons | |  0.4
Throwing       | |  0.4
Dodging        | |  1.8
Stealth        | |  1.7
Conjurations   | |  1.0

Action                   |  1- 3 |  4- 6 || total
-------------------------+-------+-------++-------
Melee: Mace              |    46 |    23 ||    69
       Unarmed           |     1 |       ||     1
       Punch             |     1 |       ||     1
       Hand axe          |       |    19 ||    19
 Fire: Sling             |       |    16 ||    16
Throw: Boomerang         |    10 |     2 ||    12
       Javelin           |       |    10 ||    10
       Dart              |       |     2 ||     2
       Stone             |       |     1 ||     1
 Cast: Foxfire           |    23 |    10 ||    33
       Scorch            |    15 |     6 ||    21
Evoke: Wand              |       |     1 ||     1
  Use: Scroll            |     2 |     6 ||     8
       Potion            |     1 |       ||     1
Armor: Leather armour    |    16 |    19 ||    35
Dodge: Dodged            |    40 |    40 ||    80

Table legend: (Time is in decaauts)
 A = Elapsed time spent in this place.
 B = Non-inter-level travel time spent in this place.
 C = Inter-level travel time spent in this place.
 D = Time resting spent in this place.
 E = Time spent auto-exploring this place.
 F = Levels seen in this place.
 G = Mean time per level.
                   A        B        C        D        E       F      G
               +--------+--------+--------+--------+--------+-----+--------+
         Total |   3837 |   3837 |      0 |    674 |   2179 |   7 |  548.1 |
       Dungeon |   3731 |   3731 |      0 |    674 |   2163 |   6 |  621.8 |
        Temple |    106 |    106 |      0 |      0 |     16 |   1 |  106.0 |
               +--------+--------+--------+--------+--------+-----+--------+

Top non-repeatable levels by time:
     D:3: 1138 daAuts
     D:2: 1131 daAuts
     D:1: 992 daAuts
     D:5: 259 daAuts
     D:4: 143 daAuts
  Temple: 106 daAuts
     D:6: 66 daAuts
